AoeStats
← MrRomrome

Four Lakes

508835447Analyzed
1v1 RM · 9d ago on Sep 24, 2026· 32m 56s· 2 players
Game mode
Random Map
Map size
Tiny (2 player)
Population
200
Speed
Normal
Resources
Standard
Victory
Conquest
Starting age
Dark Age
Ending age
Imperial Age
RankedLock teamsTeams togetherTeam positionsShared explorationLock speedFull tech treeHidden civsTurbo modeCheats
Victory
Defeat
🇬🇧 Romans · United Kingdom
1004
+14
🇧🇪 Franks · Belgium
952
-41
MrRomrome
4:07 Loom
8:19 Loom
10:21 Feudal Age
17:32 Castle Age
15:36 Scale Mail Armor
15:25 Double-Bit Axe
17:11 Scale Barding Armor
20:04 Chain Mail Armor
20:08 Forging
28:54 Husbandry
28:27 Man-at-Arms
28:29 Crossbowman
29:04 Fletching
30:37 Bodkin Arrow
32:16 Padded Archer Armor
32:23 Gold Mining
32:46 Bow Saw
GreatGurkhas
7:14 Loom
10:06 Feudal Age
10:10 Man-at-Arms
16:47 Town Watch
18:12 Fishing Lines
19:14 Scale Mail Armor
19:01 Horse Collar
20:51 Forging
25:07 Castle Age
24:37 Gold Mining
24:54 Double-Bit Axe
26:04 Bow Saw
25:58 Heavy Plow
25:50 Pikeman
27:38 Long Swordsman
28:37 Gillnets
29:24 Chain Mail Armor
29:42 Squires
29:37 Stone Mining
Connection lost

Rejoining the realm…

Still unreachable

The connection could not be restored.

Session expired

The server has moved on; the page needs a fresh start.